ITL
DETROIT X-WINGS @ TRENTON STARS
06/14/2025
 
TOP OF THE 1ST
Detroit X-Wings batting - Pitching for Trenton Stars : RHP José Ortíz
Pitching: RHP José Ortíz
Batting: SHB Felipe Detorres 0-0: Ball
1-0: Ball
2-0: Called Strike
2-1: Foul Ball, location: 2F
2-2: Foul Ball, location: 2F
2-2: Ball
3-2: Foul Ball, location: 2F
3-2: Strikes out swinging
Batting: RHB Gary Witt 0-0: Swinging Strike
0-1: Called Strike
0-2: Strikes out swinging
Batting: LHB Juan Jose Pineda 0-0: SINGLE (Groundball, 15) (infield hit)
Batting: RHB Albert Chávez 0-0: Ball
1-0: Called Strike
1-1: Ball
2-1: Fielders Choice at 2nd, U6 (Groundball, 6M)
Top of the 1st over - 0 run(s), 1 hit(s), 0 error(s), 1 left on base; Detroit 0 - Trenton 0
BOTTOM OF THE 1ST
Trenton Stars batting - Pitching for Detroit X-Wings : RHP Travis Whitney
Pitching: RHP Travis Whitney
Batting: LHB Felipe Guerrero 0-0: Ball
1-0: Ball
2-0: Called Strike
2-1: Ball
3-1: Foul Ball, location: 2F
3-2: Foul Ball, location: 2F
3-2: Base on Balls
Batting: RHB Felipe Olivas 0-0: Ball
1-0: Swinging Strike
1-1: Fly out, F9 (Flyball, 89D)
Runner from 1st tags up, SAFE at 2nd
Batting: RHB Salvador Gonzáles 0-0: Called Strike
0-1: Ball
1-1: Called Strike
1-2: Foul Ball, location: 2F
1-2: SINGLE (Groundball, 34)
Felipe Guerrero to third
Runner from 3rd tries for Home, SAFE, no throw or cutoff
Batting: RHB Clancy Booker Balk!
Salvador Gonzáles to second
0-0: 2-RUN HOME RUN (Flyball, 8LXD), Distance : 428 ft
Batting: LHB Ju-wei Shiu 0-0: Foul Ball, location: 2F
0-1: Ball
1-1: Foul Ball, location: 2F
1-2: Ground out 1-3 (Groundball, 23)
Batting: RHB Nick Bowman 0-0: Called Strike
0-1: Ball
1-1: Ball
2-1: Ball
3-1: Called Strike
3-2: Fly out, F8 (Flyball, 8RS)
Bottom of the 1st over - 3 run(s), 2 hit(s), 0 error(s), 0 left on base; Detroit 0 - Trenton 3
TOP OF THE 2ND
Detroit X-Wings batting - Pitching for Trenton Stars : RHP José Ortíz
Batting: RHB Jorge Cora 0-0: Called Strike
0-1: Ball
1-1: Called Strike
1-2: Strikes out looking
Batting: RHB Enrique Ramírez 0-0: Ball
1-0: SINGLE (Groundball, 6MD)
Batting: RHB Marcos Valdés 0-0: Called Strike
0-1: Ball
1-1: Ball
2-1: Ball
3-1: Base on Balls
Enrique Ramírez to second
Batting: SHB Jaime Montés 0-0: Ball
1-0: Called Strike
1-1: Ball
2-1: Foul Ball, location: 2F
2-2: Ball
3-2: Fielders Choice at 2nd, 3-6 (Groundball, 3)
Enrique Ramírez to third
Batting: LHB Gonzalo Trujillo 0-0: Called Strike
0-1: Ball
1-1: Ball
2-1: SINGLE (Line Drive, 56D)
Enrique Ramírez scores
Jaime Montés to second
Batting: SHB Felipe Detorres 0-0: Fly out, F9 (Flyball, 9M)
Top of the 2nd over - 1 run(s), 2 hit(s), 0 error(s), 2 left on base; Detroit 1 - Trenton 3
BOTTOM OF THE 2ND
Trenton Stars batting - Pitching for Detroit X-Wings : RHP Travis Whitney
Batting: RHB Chris Cole 0-0: Called Strike
0-1: Ground out 5-3 (Groundball, 56)
Batting: RHB Jesús Dávila 0-0: Called Strike
0-1: Ball
1-1: Swinging Strike
1-2: Ball
2-2: Ball
3-2: Strikes out swinging
Batting: SHB Rafael Villa 0-0: Called Strike
0-1: Ball
1-1: Called Strike
1-2: Ground out 6-3 (Groundball, 6)
Bottom of the 2nd over - 0 run(s), 0 hit(s), 0 error(s), 0 left on base; Detroit 1 - Trenton 3
TOP OF THE 3RD
Detroit X-Wings batting - Pitching for Trenton Stars : RHP José Ortíz
Batting: RHB Gary Witt 0-0: Foul Ball, location: 2F
0-1: Ball
1-1: Ball
2-1: Foul Ball, location: 2F
2-2: Strikes out swinging
Batting: LHB Juan Jose Pineda 0-0: Called Strike
0-1: Ball
1-1: Swinging Strike
1-2: Ball
2-2: Foul Ball, location: 2F
2-2: Ball
3-2: Strikes out looking
Batting: RHB Albert Chávez 0-0: Ball
1-0: Ball
2-0: SINGLE (Line Drive, 89S)
Batting: RHB Jorge Cora 0-0: Ball
1-0: Called Strike
1-1: Called Strike
1-2: Strikes out looking
Top of the 3rd over - 0 run(s), 1 hit(s), 0 error(s), 1 left on base; Detroit 1 - Trenton 3
BOTTOM OF THE 3RD
Trenton Stars batting - Pitching for Detroit X-Wings : RHP Travis Whitney
Batting: LHB Felipe Guerrero 0-0: Ball
1-0: Ball
2-0: Ball
3-0: Base on Balls
Batting: RHB Felipe Olivas 0-0: Ball
1-0: Fly out, F7 (Flyball, 7M)
Batting: RHB Salvador Gonzáles 0-0: Ball
1-0: Foul Ball, location: 2F
1-1: Ball
2-1: Foul Ball, location: 2F
2-2: Foul Ball, location: 2F
2-2: Foul Ball, location: 2F
2-2: Strikes out swinging
Batting: RHB Clancy Booker 0-0: Ball
1-0: Ball
2-0: Ball
3-0: Foul Ball, location: 2F
3-1: Foul Ball, location: 2F
3-2: SINGLE (Groundball, 34)
Felipe Guerrero to second
Felipe Guerrero to third
Batting: LHB Ju-wei Shiu 0-0: Called Strike
0-1: Called Strike
0-2: Ball
1-2: Ball
2-2: Foul Ball, location: 2F
2-2: Strikes out looking
Bottom of the 3rd over - 0 run(s), 1 hit(s), 0 error(s), 2 left on base; Detroit 1 - Trenton 3
TOP OF THE 4TH
Detroit X-Wings batting - Pitching for Trenton Stars : RHP José Ortíz
Batting: RHB Enrique Ramírez 0-0: Ball
1-0: SINGLE (Groundball, 6MS) (infield hit)
Batting: RHB Marcos Valdés 0-0: Called Strike
0-1: Swinging Strike
0-2: Strikes out looking
Batting: SHB Jaime Montés 0-0: Called Strike
0-1: Swinging Strike
0-2: Foul Ball, location: 2F
0-2: Ball
1-2: Grounds into double play, 4-6-3 (Groundball, 4)
Top of the 4th over - 0 run(s), 1 hit(s), 0 error(s), 0 left on base; Detroit 1 - Trenton 3
BOTTOM OF THE 4TH
Trenton Stars batting - Pitching for Detroit X-Wings : RHP Travis Whitney
Batting: RHB Nick Bowman 0-0: Foul Ball, location: 2F
0-1: Ball
1-1: Ball
2-1: Foul Ball, location: 2F
2-2: Ground out 5-3 (Groundball, 56)
Batting: RHB Chris Cole 0-0: Called Strike
0-1: Ball
1-1: Foul Ball, location: 2F
1-2: Ball
2-2: Ball
3-2: Fly out, F9 (Flyball, 89M)
Batting: RHB Jesús Dávila 0-0: Swinging Strike
0-1: Ball
1-1: Ball
2-1: Swinging Strike
2-2: Ball
3-2: SINGLE (Flyball, 78S)
Pitching: RHP Alejandro Collazo
Batting: SHB Rafael Villa 0-0: Ball
1-0: Foul Ball, location: 2F
1-1: Swinging Strike
1-2: Foul Ball, location: 2F
1-2: Ball
Jesús Dávila is caught stealing 2nd base
Bottom of the 4th over - 0 run(s), 1 hit(s), 0 error(s), 0 left on base; Detroit 1 - Trenton 3
TOP OF THE 5TH
Detroit X-Wings batting - Pitching for Trenton Stars : RHP José Ortíz
Batting: LHB Gonzalo Trujillo 0-0: Swinging Strike
0-1: Ball
1-1: Ball
2-1: Ball
3-1: Base on Balls
Batting: SHB Felipe Detorres 0-0: Called Strike
0-1: SINGLE (Line Drive, 9S)
Gonzalo Trujillo to second
Batting: RHB Gary Witt 0-0: Foul Ball, location: 2F
0-1: Ball
1-1: SINGLE (Groundball, 34D)
Gonzalo Trujillo to third
Felipe Detorres to second
Runner from 3rd tries for Home, SAFE, throw made home
Batting: LHB Juan Jose Pineda 0-0: Ball
1-0: Ball
2-0: Ball
3-0: Called Strike
3-1: Swinging Strike
3-2: Foul Ball, location: 2F
3-2: Foul Ball, location: 2F
3-2: Strikes out looking
Batting: RHB Albert Chávez 0-0: Ball
1-0: Foul Ball, location: 2F
1-1: Ball
2-1: SINGLE (Line Drive, 34D)
Felipe Detorres to third
Gary Witt to second
Batting: RHB Jorge Cora 0-0: Foul Ball, location: 2F
Single, Error in OF, E9, batter to second base
Felipe Detorres scores
Gary Witt scores
Albert Chávez to third
Batting: RHB Enrique Ramírez 0-0: Ball
1-0: Foul Ball, location: 2F
1-1: Swinging Strike
Passed Ball!
Albert Chávez scores
Jorge Cora to third
1-2: Strikes out looking
Batting: RHB Marcos Valdés 0-0: Ball
1-0: Foul Ball, location: 2F
1-1: Ball
2-1: Ball
3-1: Ground out 5-3 (Groundball, 5)
Top of the 5th over - 4 run(s), 4 hit(s), 1 error(s), 1 left on base; Detroit 5 - Trenton 3
BOTTOM OF THE 5TH
Trenton Stars batting - Pitching for Detroit X-Wings : RHP Alejandro Collazo
Batting: SHB Rafael Villa 0-0: Ball
1-0: Ball
2-0: Called Strike
2-1: Foul Ball, location: 2F
2-2: SINGLE (Groundball, 56)
Batting: LHB Felipe Guerrero 0-0: Ball
1-0: Ball
2-0: Ball
3-0: Called Strike
3-1: Base on Balls
Rafael Villa to second
Batting: RHB Felipe Olivas 0-0: Fly out, F7 (Line Drive, 7S)
Batting: RHB Salvador Gonzáles 0-0: Called Strike
0-1: Called Strike
0-2: Ball
1-2: Ball
2-2: Foul Ball, location: 2F
2-2: Ball
3-2: DOUBLE (Flyball, 78XD)
Rafael Villa scores
Felipe Guerrero to third
Runner from 3rd tries for Home, SAFE, no throw or cutoff
Batting: RHB Clancy Booker 0-0: Ball
1-0: Ground out 5-3 (Groundball, 5)
Batting: LHB Ju-wei Shiu 0-0: Ball
1-0: Ball
2-0: Ball
3-0: Base on Balls
Batting: RHB Nick Bowman 0-0: Ball
1-0: Ball
2-0: Ball
3-0: Called Strike
3-1: Called Strike
3-2: Foul Ball, location: 2F
3-2: Base on Balls
Salvador Gonzáles to third
Ju-wei Shiu to second
Batting: RHB Chris Cole 0-0: Ball
1-0: Ball
2-0: Foul Ball, location: 2F
2-1: Fly out, F8 (Flyball, 8RM)
Bottom of the 5th over - 2 run(s), 2 hit(s), 0 error(s), 3 left on base; Detroit 5 - Trenton 5
TOP OF THE 6TH
Detroit X-Wings batting - Pitching for Trenton Stars : RHP José Ortíz
Pitching: RHP Manuel Jimenen
Batting: SHB Jaime Montés 0-0: Called Strike
0-1: Called Strike
0-2: Strikes out swinging
Batting: LHB Gonzalo Trujillo 0-0: Ball
1-0: Called Strike
1-1: Ball
2-1: Ball
3-1: Base on Balls
Batting: SHB Felipe Detorres 0-0: Fly out, F8 (Line Drive, 8RD)
Batting: RHB Gary Witt 0-0: Called Strike
0-1: Called Strike
0-2: Ball
1-2: Ball
2-2: Strikes out swinging
Top of the 6th over - 0 run(s), 0 hit(s), 0 error(s), 1 left on base; Detroit 5 - Trenton 5
BOTTOM OF THE 6TH
Trenton Stars batting - Pitching for Detroit X-Wings : RHP Alejandro Collazo
Batting: RHB Jesús Dávila 0-0: Called Strike
0-1: Foul Ball, location: 2F
0-2: Reached on error, E5 (Groundball, 56)
Batting: SHB Rafael Villa 0-0: Called Strike
0-1: Called Strike
0-2: Ball
1-2: Ground out 3-1 (Groundball, 34)
Jesús Dávila to third
Batting: LHB Felipe Guerrero 0-0: Called Strike
0-1: SINGLE (Line Drive, 7S)
Jesús Dávila scores
Batting: RHB Felipe Olivas 0-0: Called Strike
Felipe Guerrero steals 2nd base
0-1: Swinging Strike
0-2: Strikes out swinging
Pitching: RHP Don Brown
Batting: RHB Salvador Gonzáles 0-0: Swinging Strike
0-1: Swinging Strike
0-2: Strikes out swinging
Bottom of the 6th over - 1 run(s), 1 hit(s), 1 error(s), 1 left on base; Detroit 5 - Trenton 6
TOP OF THE 7TH
Detroit X-Wings batting - Pitching for Trenton Stars : RHP Manuel Jimenen
Batting: LHB Juan Jose Pineda 0-0: Ball
1-0: Ball
2-0: Foul Ball, location: 2F
2-1: Ball
3-1: Swinging Strike
3-2: Foul Ball, location: 2F
3-2: Strikes out swinging
Batting: RHB Albert Chávez 0-0: Fly out, F3 (Popup, 3DF)
Batting: RHB Jorge Cora 0-0: Ball
1-0: Called Strike
1-1: Ball
2-1: Foul Ball, location: 2F
2-2: Ball
3-2: Base on Balls
Pinch Hitting: RHB Raúl Canó 0-0: Ball
Jorge Cora steals 2nd base
1-0: Ball
2-0: Called Strike
2-1: Foul Ball, location: 2F
2-2: Ball
3-2: Base on Balls
Batting: RHB Marcos Valdés 0-0: Ball
1-0: Ball
2-0: Ball
3-0: Base on Balls
Jorge Cora to third
Raúl Canó to second
Pinch Hitting: SHB Mark Simmons 0-0: Called Strike
0-1: GRAND SLAM HOME RUN (Flyball, 89XD), Distance : 406 ft
Batting: LHB Gonzalo Trujillo 0-0: Ball
1-0: Called Strike
1-1: SINGLE (Groundball, 56D)
Pitching: RHP Ki-tong Shiu
Batting: SHB Felipe Detorres 0-0: Ball
1-0: Called Strike
1-1: Ball
2-1: Foul Ball, location: 2F
2-2: Strikes out swinging
Top of the 7th over - 4 run(s), 2 hit(s), 0 error(s), 1 left on base; Detroit 9 - Trenton 6
BOTTOM OF THE 7TH
Trenton Stars batting - Pitching for Detroit X-Wings : RHP Don Brown
Now at 1B: Mark Simmons
Now at SS: Yoshitsune Kamida
Batting: RHB Clancy Booker 0-0: Ball
1-0: Swinging Strike
1-1: Ball
2-1: Called Strike
2-2: Strikes out swinging
Batting: LHB Ju-wei Shiu 0-0: Ball
1-0: Swinging Strike
1-1: Ball
2-1: Swinging Strike
2-2: Strikes out swinging
Batting: RHB Nick Bowman 0-0: Called Strike
0-1: Fly out, F3 (Popup, 23F)
Bottom of the 7th over - 0 run(s), 0 hit(s), 0 error(s), 0 left on base; Detroit 9 - Trenton 6
TOP OF THE 8TH
Detroit X-Wings batting - Pitching for Trenton Stars : RHP Ki-tong Shiu
Batting: RHB Gary Witt 0-0: Ball
1-0: Called Strike
1-1: Called Strike
1-2: Ball
2-2: Strikes out looking
Batting: LHB Juan Jose Pineda 0-0: Ball
1-0: Foul Ball, location: 2F
1-1: Swinging Strike
1-2: Foul Ball, location: 2F
1-2: Ground out 6-3 (Groundball, 6M)
Batting: RHB Albert Chávez 0-0: Called Strike
0-1: Ball
1-1: Ball
2-1: Called Strike
2-2: Ground out 6-3 (Groundball, 6)
Top of the 8th over - 0 run(s), 0 hit(s), 0 error(s), 0 left on base; Detroit 9 - Trenton 6
BOTTOM OF THE 8TH
Trenton Stars batting - Pitching for Detroit X-Wings : RHP Don Brown
Batting: RHB Chris Cole 0-0: Fly out, F3 (Popup, 3S)
Batting: RHB Jesús Dávila 0-0: Called Strike
0-1: Foul Ball, location: 2F
0-2: Ball
1-2: Ball
2-2: Fly out, F9 (Flyball, 89M)
Batting: SHB Rafael Villa 0-0: Called Strike
0-1: Ball
1-1: SINGLE (Flyball, 78S)
Pitching: RHP Bernardo Hernández
Batting: LHB Felipe Guerrero 0-0: Swinging Strike
0-1: Swinging Strike
0-2: Ball
1-2: SINGLE (Flyball, 78S)
Rafael Villa to second
Batting: RHB Felipe Olivas 0-0: DOUBLE (Line Drive, 9LS)
Rafael Villa scores
Felipe Guerrero to third
Runner from 3rd tries for Home, SAFE, no throw or cutoff
Batting: RHB Salvador Gonzáles 0-0: Ball
1-0: Called Strike
1-1: Ball
2-1: Ball
3-1: Fly out, F8 (Flyball, 8RS)
Bottom of the 8th over - 2 run(s), 3 hit(s), 0 error(s), 1 left on base; Detroit 9 - Trenton 8
TOP OF THE 9TH
Detroit X-Wings batting - Pitching for Trenton Stars : RHP Ki-tong Shiu
Pitching: RHP Corey Wilson
Batting: RHB Jorge Cora 0-0: Ball
1-0: Called Strike
1-1: Called Strike
1-2: Ball
2-2: Foul Ball, location: 2F
2-2: Strikes out looking
Batting: RHB Yoshitsune Kamida 0-0: Ball
1-0: Ball
2-0: Ball
3-0: Base on Balls
Pinch Hitting: RHB Reginaldo Jaconelli 0-0: Called Strike
Yoshitsune Kamida steals 2nd base
0-1: Swinging Strike
0-2: Ball
1-2: Strikes out swinging
Batting: SHB Mark Simmons 0-0: Ball
1-0: Ball
2-0: Ground out 1-3 (Groundball, 15S)
Top of the 9th over - 0 run(s), 0 hit(s), 0 error(s), 1 left on base; Detroit 9 - Trenton 8
BOTTOM OF THE 9TH
Trenton Stars batting - Pitching for Detroit X-Wings : RHP Bernardo Hernández
Pitching: RHP Salvador Vélez
Now at C: Reginaldo Jaconelli
Batting: RHB Clancy Booker 0-0: Ball
1-0: SINGLE (Flyball, 8RS)
Batting: LHB Ju-wei Shiu 0-0: Foul Ball, location: 2F
0-1: Ball
1-1: Ball
2-1: Ball
3-1: Called Strike
3-2: Foul Ball, location: 2F
3-2: Fly out, F7 (Flyball, 7M)
Batting: RHB Nick Bowman 0-0: Ball
1-0: Foul Ball, location: 2F
1-1: Hit by Pitch
Clancy Booker to second
Pinch Hitting: LHB Alberto Gómez 0-0: Ball
1-0: 3-RUN HOME RUN (Line Drive, 9D), Distance : 356 ft
This league is powered by Out of the Park Baseball, the baseball management simulation game for PC, Mac and Linux
Tuesday, August 2nd, 2016 - OOTP Baseball 16.8 Build 38